 Dungeon Sprint DCSS version 0.18-a0-124-g4fdfa27 (webtiles) character file.

47 Kidiri the Sneak (level 3, -2/28 HPs)
             Began as a Spriggan Enchanter on Nov 20, 2015.
             Drowned by a water elemental (4 damage)
             ... in the Dungeon (Sprint III: "The Ten Rune Challenge").
             The game lasted 00:03:01 (420 turns).

Kidiri the Sneak (Spriggan Enchanter)                Turns: 420, Time: 00:03:01

Health: -2/28      AC:  5    Str:  9    XL:     3   Next: 48%
Magic:  0/9        EV: 20    Int: 16    God:
Gold:   32         SH:  0    Dex: 17    Spells: 4 memorised, 1 level left

rFire  . . .     SeeInvis +     a - +1 dagger
rCold  . . .     Clarity  .     b - +1 robe
rNeg   . . .     SustAt   .     (shield restricted)
rPois  .         Gourm    .     (helmet restricted)
rElec  .         Spirit   .     (no cloak)
rCorr  .         Warding  .     (gloves unavailable)
rMut   .         NoTele   +     (boots unavailable)
MR     .....                    (no amulet)
Stlth  ..........               (no ring)
                                (no ring)

@: berserking, engulfed (cannot breathe), very slightly contaminated, very
quick, not resistant to hostile enchantments, extremely unstealthy
A: unfitting armour, yellow scales 1, see invisible, deterioration 1, herbivore
3, speed 3, robust 1, slow metabolism 2
a: no special abilities


You were in the Dungeon.
You were not hungry.

You visited 1 branch You collected 32 gold pieces.

Inventory:

Hand Weapons
 a - a +1 dagger (weapon)
Armour
 b - a +1 robe (worn)
Scrolls
 f - a scroll of holy word
 j - 2 scrolls of blinking
 l - 2 scrolls of remove curse
 p - a scroll of immolation
Potions
 g - a potion of haste
 h - 2 potions of magic
 n - a potion of cure mutation
 o - a potion of curing
 q - 2 potions of flight
Books
 c - a book of Maledictions

   Spells                             Type                      Level
   a - Corona                         Hexes                        1
   b - Ensorcelled Hibernation        Hexes/Ice                    2
   c - Confuse                        Hexes                        3
   d - Tukima's Dance                 Hexes                        3
   e - Dazzling Spray                 Conjuration/Hexes            3
Comestibles
 d - a bread ration
 m - a royal jelly


   Skills:
 + Level 1.4 Fighting
 * Level 3.4 Short Blades
 + Level 1.3 Armour
 * Level 4.9 Dodging
 * Level 6.0 Stealth
 * Level 4.1 Spellcasting
 + Level 0.3 Conjurations
 + Level 4.4 Hexes
 + Level 0.4 Ice Magic


You had one spell level left.
You knew the following spells:

 Your Spells              Type           Power        Failure   Level  Hunger
a - Corona                Hex            ###....      3%          1    None
b - Ensorcelled Hibernat  Hex/Ice        ##....       12%         2    ##.....
c - Confuse               Hex            ###.....     12%         3    ###....
e - Dazzling Spray        Conj/Hex       ##......     21%         3    ###....


Dungeon Overview and Level Annotations

Branches:
Dungeon (1/1)

Altars:


Innate Abilities, Weirdness & Mutations

You are tiny and cannot use many weapons and most armour.
You have supernaturally acute eyesight.
You are a herbivore.
You cover ground extremely quickly.
You need consume almost no food.
You are partially covered in yellow scales (AC +2).
Your body sometimes deteriorates upon taking damage.
You are robust (+10% HP).


Message History

Press: ? - help, Shift-Dir - straight line, f/p - water elemental
Aim: a water elemental (lightly damaged)
The spray of energy hits the water elemental.
The water elemental is moderately damaged.
The water elemental barely misses you.
Unknown command.
Unknown command.
Unknown command.
Drink which item? (? for menu, Esc to quit)
A red film seems to cover your vision as you go berserk!
You feel yourself moving faster!
You feel mighty!
You completely miss the water elemental.
The water elemental is moderately damaged.
The water elemental hits you!
Ouch! That really hurt!
* * * LOW HITPOINT WARNING * * *
The water elemental engulfs you in water!
You puncture the water elemental!
The water elemental is heavily damaged.
You die...

▓...#......#####..#
▓..##...%...#%.#..#
▓##.##.##...#..#..# #+#+#
##.##.###..##+#..#......
▓#.####.##..###...'.⌠....
▓.###..##..####...#...###
▓#.....##..###....# ⌠.#
###..##...##.....# .#
##..##....#@E....# #
#..###..##.#..%..# #[.#
#..#####....# ▓▓▓▓ ▓▓▓▓
▓▓▓▓▓▓


You could see a water elemental.

Vanquished Creatures
  A wolf (D)
  A human (D)
  An ooze (D)
  3 rats (D)
6 creatures vanquished.

Vanquished Creatures (others)
  2 draconian scorchers (D)
  A hydra (D)
  A yaktaur (D)
  2 fire drakes (D)
  3 plants (D)
9 creatures vanquished.

Grand Total: 15 creatures vanquished

Notes
Turn   | Place    | Note
--------------------------------------------------------------
     0 | D        | Kidiri the Spriggan Enchanter began the quest for the Orb.
     0 | D        | Reached XP level 1. HP: 9/9 MP: 5/5
    95 | D        | Killed a yaktaur
   147 | D        | Killed a fire drake
   173 | D        | Killed a white draconian scorcher
   188 | D        | Noticed a wolf
   191 | D        | Killed a wolf
   191 | D        | Reached skill level 1 in Fighting
   191 | D        | Reached skill level 1 in Armour
   191 | D        | Reached skill level 5 in Stealth
   191 | D        | Reached XP level 2. HP: 12/14 MP: 5/7
   191 | D        | Reached XP level 3. HP: 15/18 MP: 6/9
   211 | D        | Learned a level 2 spell: Ensorcelled Hibernation
   215 | D        | Learned a level 3 spell: Confuse
   219 | D        | Learned a level 3 spell: Dazzling Spray
   220 | D        | Killed a six-headed hydra
   266 | D        | Reached skill level 6 in Stealth
   306 | D        | Killed a fire drake
   324 | D        | Killed a white draconian scorcher
   349 | D        | Noticed a water elemental
   388 | D        | Gained mutation: You expend magic power (3 MP) to strengthen your wands. [potion of mutation]
   388 | D        | Gained mutation: Your flesh is cold resistant. [potion of mutation]
   388 | D        | Gained mutation: You are partially covered in yellow scales (AC +2). [potion of mutation]
   389 | D        | Gained mutation: You are dopey. (Int -2) [potion of mutation]
   389 | D        | Gained mutation: You are somewhat resistant to further mutation. [potion of mutation]
   390 | D        | Lost mutation: You are dopey. (Int -2) [potion of cure mutation]
   390 | D        | Lost mutation: You expend magic power (3 MP) to strengthen your wands. [potion of cure mutation]
   390 | D        | Lost mutation: You are somewhat resistant to further mutation. [potion of cure mutation]
   390 | D        | Lost mutation: Your flesh is cold resistant. [potion of cure mutation]
   391 | D        | Gained mutation: You are robust (+10% HP). [potion of mutation]
   391 | D        | Gained mutation: Your body sometimes deteriorates upon taking damage. [potion of mutation]
   420 | D        | Drowned by a water elemental

Vault maps used:
D:        dungeon_sprint_mu

Action                   || total
-------------------------++-------
Melee: Dagger            ||    36
 Cast: Dazzling Spray    ||     3
       Ensorcelled Hiber ||     1
       Corona            ||     1
  Use: Potion            ||     7
       Scroll            ||     3
 Stab: Sleeping          ||     2
